Cogmind - Beta 14 @@@ ROGUE MODE // 2025.03.22 @ 20:47:41 Player: Leha44581 Result: Destroyed by as-66861 with Assembled Rifle Performance ------------- Evolutions (0) 0 Regions Visited (3) 600 Robots Destroyed (9) 45 Value Destroyed (147) 147 Prototype IDs (1) 20 Alien Tech Used (0) 0 Bonus (0) 0 TOTAL SCORE: 812 Bonus ------- None Cogmind --------- Core Integrity 0/250 Matter 217/300 Energy 80/100 System Corruption 17% Temperature Danger (425) Movement Walking (190) Ox1 Location -10/Exiles Parts ------- > --- POWER (1) -------- (None) > --- PROPULSION (2) --- Aluminum Leg > --- UTILITY (2) ------ Medium Storage Unit Experimental Sensor Array > --- WEAPON (2) ------- Medium Laser Slug Cannon > --- INVENTORY (10) --- Ion Engine Aluminum Leg Small Storage Unit Small Storage Unit Seismic Detector Light Assault Rifle Light Assault Rifle Rocket Launcher Peak State ------------ > --- POWER ------------ Ion Engine > --- PROPULSION ------- Aluminum Leg > --- UTILITY ---------- Medium Storage Unit Experimental Sensor Array > --- WEAPON ----------- EM Pulse Gun Slug Cannon > --- INVENTORY -------- Ion Engine Aluminum Leg Small Storage Unit Small Storage Unit Seismic Detector Medium Laser Light Assault Rifle Light Assault Rifle Rocket Launcher [Rating: 18] Favorites ----------- Power Ion Engine Engine Ion Engine Propulsion Light Treads Treads Light Treads Leg Aluminum Leg Utility Small Storage Unit Device Seismic Detector Storage Small Storage Unit Weapon EM Pulse Gun Energy Gun EM Pulse Gun Ballistic Cannon Slug Cannon Build | -11 -10 -10 -10 ------- Run | Yrd Mat Min Exi Slots Evolved . | . . . . Power . | . . . . Propulsion . | . . . . Utility . | . . . . Weapon . | . . . . Parts Attached 20 | 6 5 5 4 Power 4 | 1 1 . 2 Engine 4 | 1 1 . 2 Core . | . . . . Reactor . | . . . . Propulsion 4 | 2 . 2 . Treads 2 | 2 . . . Leg 2 | . . 2 . Wheel . | . . . . Hover . | . . . . Flight . | . . . . Utility 4 | 1 1 2 . Device 2 | . 1 1 . Storage 2 | 1 . 1 . Processor . | . . . . Hackware . | . . . . Protection . | . . . . Artifact . | . . . . Weapon 8 | 2 3 1 2 Energy Gun 7 | 2 3 1 1 Energy Cannon . | . . . . Ballistic Gun . | . . . . Ballistic Cannon 1 | . . . 1 Launcher . | . . . . Special Weapon . | . . . . Impact Weapon . | . . . . Slashing Weapon . | . . . . Piercing Weapon . | . . . . Special Melee Weapon . | . . . . Unidentified Prototypes 1 | . . 1 . Corrupted Parts 2 | . . 2 . System Corruption 17 | . . 17 . Parts Lost 7 | . 1 2 4 Power 1 | . . . 1 Propulsion 2 | . . 1 1 Utility . | . . . . Weapon 4 | . 1 1 2 Highest Loss Streak 4 | . 1 2 4 To Critical Strikes . | . . . . Average Slot Usage (%) 96 | . 98 94 97 Engine 13 | . 14 14 13 Treads 15 | . 28 20 . Leg 9 | . . 1 27 Device 13 | . 13 14 14 Storage 14 | . 14 14 14 Energy Gun 27 | . 26 28 27 Peak Build Rating 18 | 6 7 16 18 Average Rating 8 | 5 6 9 16 On Entrance 7 | . 6 7 16 Naked Turns . | . . . . Heaviest Build 20 | 13 15 20 20 Greatest Support 40 | 40 40 40 20 Greatest Overweight (x) 6 | . . 6 . Average Overweight (x) . | . . . . Largest Inventory Capacity 10 | 8 8 10 10 Average Capacity 8 | 7 8 9 10 Most Carried 10 | 4 8 10 10 Average Carried 6 | 3 5 8 9 Final Capacity 10 | 8 8 10 10 Final Carried 10 | 4 8 10 8 Class Distribution -------------------- 100% | Mutant Dominant Class ---------------- Mutant | -10/Materials Mutant | -10/Mines Mutant | -10/Exiles Resources | -11 -10 -10 -10 ----------- Run | Yrd Mat Min Exi Matter Collected 330 | 212 48 70 . Remotely . | . . . . Salvage Created 326 | . 48 226 52 Parts 14 | . 2 12 . Haulers Intercepted . | . . . . Recyclers Shooed . | . . . . Parts Field Recycled . | . . . . Retrieved Matter . | . . . . Parts Self-Destructed . | . . . . Prevented . | . . . . Kills | -11 -10 -10 -10 ------- Run | Yrd Mat Min Exi Combat Hostiles Destroyed 11 | . 3 5 3 Guns 11 | . 3 5 3 Classes Destroyed 4 | . 1 2 1 Recycler 1 | . . 1 . Swarmer 6 | . 3 3 . Grunt 2 | . . 2 . Assembled 3 | . . . 3 Best Kill Streak 4 | . 3 4 3 Combat Bots Only 3 | . 3 3 3 Max Kills in Single Turn 2 | . 1 1 2 Gunslinging 1 | . . . 1 Exploded . | . . . . Melee . | . . . . Uniques/NPCs Destroyed . | . . . . Combat | -11 -10 -10 -10 -------- Run | Yrd Mat Min Exi Hostile Shots Fired 138 | 2 66 29 41 Missed 38 | . 19 10 9 Damage Taken 1133 | 70 406 223 434 Core 261 | 40 71 47 103 Absorbed by Shields . | . . . . Regen/Repaired (Parts) 43 | . 43 . . Core Remaining (%) 84 | 84 . . . Volleys Fired 38 | . 16 12 10 Largest 2 | . 2 2 2 Hottest 90 | . 90 80 88 Shots Fired 65 | . 23 24 18 Gun 60 | . 23 24 13 Cannon 5 | . . . 5 Launcher . | . . . . Special . | . . . . Kinetic 5 | . . . 5 Thermal 18 | . 18 . . Explosive . | . . . . Electromagnetic 42 | . 5 24 13 Robot Hit Streak 6 | . 3 6 3 Robot Miss Streak 6 | . 5 2 6 Penetration Max . | . . . . Secondary Targets 2 | . . 1 1 Max Gunslinging Chain 1 | . . 1 1 Shots Hit Robots 33 | . 10 16 7 Core Hits 20 | . 3 9 8 Critical Kills . | . . . . Critical Parts Destroyed . | . . . . Critical Strikes . | . . . . Melee Attacks . | . . . . Impact . | . . . . Slashing . | . . . . Piercing . | . . . . Sneak Attacks . | . . . . Combat Hostiles . | . . . . Follow-up Attacks . | . . . . Damage Inflicted 570 | . 132 336 102 Guns 449 | . 132 215 102 Cannons . | . . . . Explosions 121 | . . 121 . Melee . | . . . . Ramming . | . . . . Kinetic . | . . . . Thermal 242 | . 121 121 . Explosive . | . . . . Electromagnetic 328 | . 11 215 102 Impact . | . . . . Slashing . | . . . . Piercing . | . . . . Highest Corruption 17 | . . 17 17 Average Corruption 16 | . . 16 17 Corruption Purged . | . . . . Corruption Blocked . | . . . . Effects 18 | . . 2 16 Message Errors 6 | . . . 6 Matter Fused 2 | . . . 2 Heat Flow Errors 2 | . . . 2 Energy Discharges 3 | . . 1 2 Data Loss (minor) 1 | . . . 1 Data Loss (major) 3 | . . 1 2 Misfires 1 | . . . 1 Overload Shots . | . . . . Overflow Damage 4 | . . 4 . Projectiles . | . . . . Explosions 4 | . . 4 . Melee . | . . . . Knockbacks . | . . . . Impact . | . . . . Kinetic . | . . . . Secondary . | . . . . Self-Inflicted Damage . | . . . . Shots . | . . . . Rammed . | . . . . Targets Rammed . | . . . . Kicked . | . . . . Crushed . | . . . . Highest Temperature 425 | . 112 208 425 Average Temperature 94 | . 59 84 144 Received Heat Transfer 343 | . 54 129 160 Siege Activations . | . . . . Robots Corrupted . | . . . . Combat Hostiles . | . . . . Parts Fried . | . . . . Impact Corruptions . | . . . . Robots Melted . | . . . . Combat Hostiles . | . . . . Parts Melted . | . . . . Heat Transferred 437 | . 287 150 . Parts Sabotaged . | . . . . Parts Stolen . | . . . . Parts Stripped . | . . . . Power Chain Reactions 2 | . . 2 . Alert | -11 -10 -10 -10 ------- Run | Yrd Mat Min Exi Peak Influence 95 | . 81 95 . Initial 31 | . . 31 . Average 19 | . 44 46 . Maximum Alert Level . | . . . . Low Security (%) 100 | 100 100 100 . Level 1 . | . . . . Level 2 . | . . . . Level 3 . | . . . . Level 4 . | . . . . Level 5 . | . . . . High Security . | . . . . Max Security . | . . . . Squads Dispatched 1 | . 1 . . Investigation 1 | . 1 . . Extermination . | . . . . Reinforcement . | . . . . Assault . | . . . . Garrison . | . . . . Intercept . | . . . . Searches Triggered . | . . . . Construction Impeded . | . . . . Haulers Reinforced . | . . . . Active Scanning Responses . | . . . . Cargo Convoy Interrupts . | . . . . Stealth | -11 -10 -10 -10 --------- Run | Yrd Mat Min Exi Distress Signals 1 | . 1 . . Communications Jammed . | . . . . Distress Signals . | . . . . Times Spotted 28 | 2 6 7 13 Peak Tracking Total 14 | 2 4 3 14 Tactical Retreats 2 | . . 1 1 Traps | -11 -10 -10 -10 ------- Run | Yrd Mat Min Exi Traps Triggered . | . . . . Indirectly . | . . . . Trap Hack Attempts . | . . . . Triggered . | . . . . Disarmed . | . . . . Reprogrammed . | . . . . Reused . | . . . . Traps Extracted . | . . . . Installed . | . . . . Triggered . | . . . . Machines | -11 -10 -10 -10 ---------- Run | Yrd Mat Min Exi Machines Disabled 3 | . . . 3 Max in Single Turn 1 | . . . 1 Machines Repaired . | . . . . Machines Dismantled . | . . . . Machines Sabotaged . | . . . . Overloaded Fab Kills . | . . . . Hacking | -11 -10 -10 -10 --------- Run | Yrd Mat Min Exi Machines Accessed 2 | . 1 . 1 Terminals . | . . . . Fabricators . | . . . . Repair Stations 1 | . 1 . . Recycling Units . | . . . . Scanalyzers . | . . . . Garrison Access . | . . . . Total Hacks 27 | . 4 . 23 Successful 26 | . 3 . 23 Failed 1 | . 1 . . Catastrophic . | . . . . Database Lockouts . | . . . . Manual . | . . . . Terminals . | . . . . Fabricators . | . . . . Repair Stations 4 | . 4 . . Recycling Units . | . . . . Scanalyzers . | . . . . Garrison Access . | . . . . Terminal Hacks 23 | . . . 23 Record 23 | . . . 23 Fabricator Hacks . | . . . . Repair Station Hacks 3 | . 3 . . Scan Component 1 | . 1 . . Repair 1 | . 1 . . Refit 1 | . 1 . . Recycling Unit Hacks . | . . . . Scanalyzer . | . . . . Garrison Access Hacks . | . . . . Unauthorized Hacks . | . . . . Terminals . | . . . . Fabricators . | . . . . Repair Stations . | . . . . Recycling Units . | . . . . Scanalyzers . | . . . . Garrison Access . | . . . . Data Cores Recovered . | . . . . Used . | . . . . Hacking Detections 1 | . 1 . . Full Trace Events 1 | . 1 . . Feedback Events . | . . . . Feedback Blocked . | . . . . Robot Schematics Acquired . | . . . . Robots Built . | . . . . Authchips . | . . . . Time . | . . . . Total Robot Build Rating . | . . . . Part Schematics Acquired . | . . . . Parts Built . | . . . . Authchips . | . . . . Time . | . . . . Total Part Build Rating . | . . . . Parts Repaired 1 | . 1 . . Time 26 | . 26 . . Parts Recycled . | . . . . Recycled Matter . | . . . . Retrieved Matter . | . . . . Retrieved Components . | . . . . Parts Scanalyzed . | . . . . Part Schematics Acquired . | . . . . Parts Damaged . | . . . . Bothacking | -11 -10 -10 -10 ------------ Run | Yrd Mat Min Exi Used RIF Installer . | . . . . Robots Hacked . | . . . . Non-combat . | . . . . Combat . | . . . . Robot Hacks Applied . | . . . . Relay Couplers Released . | . . . . Fabnet Peak Effective % . | . . . . Robots Rewired . | . . . . Allies Hacked . | . . . . Hacks Repelled . | . . . . Allies | -11 -10 -10 -10 -------- Run | Yrd Mat Min Exi Total Allies . | . . . . Largest Group . | . . . . Highest-Rated Group . | . . . . Highest-Rated Ally . | . . . . Total Orders . | . . . . Ally Attacks . | . . . . Total Damage . | . . . . Kills . | . . . . Allies Corrupted . | . . . . Allies Melted . | . . . . Intel | -11 -10 -10 -10 ------- Run | Yrd Mat Min Exi Robot Analysis Total . | . . . . Derelict Logs Recovered 1 | . . 1 . Drone Launches . | . . . . Drone Recoveries . | . . . . Exploration | -11 -10 -10 -10 ------------- Run | Yrd Mat Min Exi Turns Passed 2133 | 1046 238 505 344 Spaces Moved 683 | 43 105 287 248 Core 5 | 4 . 1 . Treads 406 | 39 105 262 . Legs 272 | . . 24 248 Wheels . | . . . . Hover . | . . . . Flight . | . . . . Fastest Speed 50 | 50 160 120 120 Average Speed 143 | 149 160 157 120 Slowest Speed 350 | 160 160 350 120 Overloaded Moves . | . . . . Propulsion Burnouts . | . . . . Robots Hopped . | . . . . Cave-ins Triggered . | . . . . Exploration Rate (%) 41 | 5 28 65 67 Regions Visited 3 Branch Regions 2 Pre-discovered Areas 1 | . . . 1 Known Exits Taken . | . . . . Unknown Exits Taken 3 | 1 1 1 . Scrap Searched 2 | . . 2 . Spaces Dug . | . . . . Terrain Destroyed 12 | . . 12 . Melee . | . . . . Projectile . | . . . . AOE 12 | . . 12 . Terrain Rammed . | . . . . Walls Destroyed . | . . . . Machines Disabled . | . . . . Actions | -11 -10 -10 -10 --------- Run | Yrd Mat Min Exi Total 1777 | 1022 154 319 282 Wait 987 | 970 17 . . Move 680 | 42 104 286 248 Hop . | . . . . Pick Up 21 | 4 6 7 4 Fast Attach 14 | 6 3 3 2 Attach 6 | . 2 2 2 Detach 7 | . 3 3 1 Swap . | . . . . Drop 15 | . 3 6 6 Fire 38 | . 16 12 10 Melee . | . . . . Ram . | . . . . Kick . | . . . . Crush . | . . . . Escape Stasis . | . . . . Rewire 9 | . . . 9 Trap . | . . . . Miscellaneous . | . . . . Route ------- -11/Scrapyard -10/Materials -10/Mines -10/Exiles History --------- Turn | Location | Event 6 | -11/Scrapyard | Discovered new exit (range 14) 1046 | -11/Scrapyard | Assembled infested the area 1047 | -11/Scrapyard | Entered Materials 1048 | -10/Materials | Build established: Mutant 1219 | -10/Materials | Repaired Ion Engine 1253 | -10/Materials | Discovered new exit (range 16) 1285 | -10/Materials | Entered Mines 1292 | -10/Mines | Received a Rocket Launcher from a helpful Derelict 1568 | -10/Mines | Core integrity fell below 50% 1637 | -10/Mines | Learned Materials stockpile data 1647 | -10/Mines | Found a damaged Exp. Sensor Array with a note attached 1650 | -10/Mines | Found Prototype Device 1651 | -10/Mines | Identified Exp. Sensor Array 1762 | -10/Mines | System corruption reached 10% 1766 | -10/Mines | A weapon hastily lodged in a ceiling crevice suddenly fell to the ground 1784 | -10/Mines | Deemed a non-threat by the Exiles lab entrance 1786 | -10/Mines | Discovered new exit (range 5) 1790 | -10/Mines | Entered Exiles 1855 | -10/Exiles | Met 8R-AWN 1873 | -10/Exiles | Met EX-HEX 1986 | -10/Exiles | Met EX-DEC 1993 | -10/Exiles | Learned location of Zion (-7) 2041 | -10/Exiles | Visited The Gauntlet 2074 | -10/Exiles | Attacked by the Exiles 2124 | -10/Exiles | Core integrity fell below 20% 2134 | -10/Exiles | Destroyed by as-66861 with Assembled Rifle Last Messages --------------- 5L-KAT: Stay back! I'm calibrating the thromdimbulator! 02074_ System corrupted: FCS attempts to trigger EM Pulse Gun. 02074_ System corrupted: EM Pulse Gun misfires. 02074_ EXILES: Hostile robot within lab perimeter. Defensive protocols time, folks! 02074_ Machine disabled. 02109_ as-52881 destroyed. 02112_ :F,JXPXNR6HTBA#HBSI:#